 Dungeon Crawl Stone Soup version 0.28-a0-1130-gc51a68064b (webtiles) character file.

Game seed: 14381491617968172051

2575 Redcow54321 the Grappler (level 9, -1/75 (80) HPs)
             Began as a Troll Fighter on Dec 12, 2021.
             Slain by an orc (6 damage)
             ... on level 6 of the Dungeon.
             The game lasted 00:07:05 (4051 turns).

Redcow54321 the Grappler (Troll Fighter)            Turns: 4051, Time: 00:07:05

HP:   -1/75 (80)    AC:  6    Str: 30    XL:     9   Next: 32%
MP:   8/8           EV: 13    Int:  4    God:
Gold: 312           SH:  0    Dex:  9    Spells: 8/8 levels left

rFire   . . .      SeeInvis .     - Unarmed
rCold   . . .      Faith    .   (no shield)
rNeg    . . .      Spirit   .   r - +0 troll leather armour
rPois   .          Reflect  .   (helmet restricted)
rElec   .          Harm     .   (no cloak)
rCorr   .          Rampage  .   (gloves unavailable)
Will    .....                   (boots unavailable)
Stlth   +.........              (no amulet)
HPRegen 1.02/turn               i - +4 ring of evasion
MPRegen 0.11/turn               (no ring)

@: mighty, drained
A: large, unfitting armour, claws 3, regeneration 1, shaggy fur 1, tough skin 1
a: no special abilities


You were on level 6 of the Dungeon.
You visited 1 branch of the dungeon, and saw 7 of its levels.

You collected 312 gold pieces.

Inventory:

Armour
 a - a +0 robe
 b - a +0 kite shield
 r - a +0 troll leather armour (worn)
Jewellery
 i - a +4 ring of evasion (left claw)
Scrolls
 d - a scroll of identify {unknown}
 e - 2 scrolls of fear {unknown}
 g - 2 scrolls of magic mapping {unknown}
 h - a scroll of immolation {unknown}
 j - 2 scrolls of teleportation {unknown}
 k - a scroll of blinking {unknown}
 l - a scroll of noise {unknown}
 n - a scroll of fog {unknown}
 p - a scroll of enchant weapon {unknown}
Potions
 f - 2 potions of mutation {unknown}
 m - a potion of curing {unknown}
 o - a potion of flight {unknown}
 q - a potion of resistance {unknown}


   Skills:
 - Level 2.4 Fighting
 - Level 2.4 Dodging
 - Level 2.4 Shields
 * Level 12.7 Unarmed Combat


You had 8 spell levels left.
You didn't know any spells.
Your spell library contained the following spells:

 Spells                   Type           Power      Damage    Failure   Level
 Summon Small Mammal      Summ           0%         N/A       54%         1
 Call Imp                 Summ           0%         N/A       67%         2
 Corpse Rot               Necr/Air       0%         N/A       67%         2
 Scorch                   Fire           0%         2d5       67%         2
 Static Discharge         Conj/Air       0%         N/A       67%         2
 Tukima's Dance           Hex            0%         N/A       88%         3
 Dispel Undead            Necr           0%         3d6       99%         4
 Flame Wave               Conj/Fire      0%         2d4       99%         4
 Passage of Golubria      Tloc           0%         N/A       99%         4
 Sticky Flame             Conj/Fire      0%         2d3       99%         4
 Yara's Violent Unravell  Hex/Tmut       0%         3d3       100%        5
 Death Channel            Necr           0%         N/A       100%        6
 Summon Cactus Giant      Summ           0%         N/A       100%        6
 Malign Gateway           Summ/Tloc      0%         N/A       100%        7
 Monstrous Menagerie      Summ           0%         N/A       100%        7


Dungeon Overview and Level Annotations

Branches:
Dungeon (7/15)
 Temple: D:4-7

Altars:
Ashenzari
Fedhas
Trog
Xom

Shops:
D:1 (   D:6 *


Innate Abilities, Weirdness & Mutations

You are too large for most types of armour.
You have claws for hands.
Your natural rate of healing is unusually fast.
You are covered in fur. (AC +1)
You have tough skin. (AC +1)


Message History

r - a +0 troll leather armour You start removing your armour.
You continue taking off your +0 robe. x4
You finish taking off your +0 robe.
You start putting on your armour.
You continue putting on your +0 troll leather armour. x5
You finish putting on your +0 troll leather armour.
The armour cannot attune itself to your injured body.
There is a stone staircase leading down, spattered with blood here.
You climb downwards.
The orc hits you but does no damage.
The orc hits you with a +2 whip of electrocution.
The wight hits you with a +0 dagger.
The wight hits you with a +2 great sword.
You feel drained. The orc closely misses you.
The orc hits you with a +2 whip of electrocution.
The orc hits you but does no damage. The wight hits you with a +0 dagger.
There is a stone staircase leading up, spattered with blood here.
The wight hits you with a +2 great sword!
You feel drained. The orc barely misses you. The orc misses you.
The orc hits you with a +2 whip of electrocution.
You are electrocuted!
* * * LOW HITPOINT WARNING * * *
The wight hits you with a +0 dagger.
* * * LOW HITPOINT WARNING * * *
You climb upwards.
There is a stone staircase leading down, spattered with blood here.
You feel very mighty all of a sudden. The wight misses you.
The orc barely misses you. The orc misses you. The orc hits you with a +0 mace.
* * * LOW HITPOINT WARNING * * *
The wight barely misses you.
You are too injured to fight recklessly!
You are too injured to fight recklessly!
You are too injured to fight recklessly!
You are too injured to fight recklessly!
You mangle the orc!!
You kill the orc!
The wight hits you with a +2 great sword!
* * * LOW HITPOINT WARNING * * *
The orc hits you with a +0 mace.
You die...

#.......####≈≈≈≈≈#.###.....
##.....####...∩≈≈##..'.....
##...## #..≈≈≈≈≈..#.##...#
##.## #>..≈≈≈.#....#.#'#
#.#####.........######..
##.##[[.......#### #....
#.....).......# ####...
##.##..zo.....# ##..'...
#######@).#### ##.#.##..
#oz.# #.##..#.. #...#
##.#..### ##### ##.###.#
##.#.## ##.## #.# #.# #.#


You could see 2 wights and 2 orcs.

Vanquished Creatures
  A troll (D:6)
  Grinder (D:4)
  3 yaks (D:6)
  A steam dragon (D:6)
  A water moccasin (D:6)
  An orc warrior (D:6)
  An ice beast (D:6)
  A sky beast (D:6)
  An ogre (D:5)
  A centaur (D:6)
  2 phantoms
  3 scorpions
  A water moccasin skeleton (D:5)
  A howler monkey (D:6)
  A centaur zombie (D:5)
  A jelly (D:6)
  2 bullfrog zombies (D:6)
  5 hounds
  A centaur skeleton (D:5)
  A bullfrog skeleton (D:4)
  Terence (D:2)
  2 iguanas
  2 orc wizards (D:6)
  A killer bee zombie (D:6)
  3 gnolls (D:4)
  A howler monkey skeleton (D:5)
  3 adders
  A white imp (D:6)
  An ufetubus (D:4)
  An adder skeleton (D:4)
  2 worms (D:3)
  A dart slug (D:4)
  11 orcs
  5 bats
  4 endoplasms
  6 giant cockroaches
  5 goblins
  6 hobgoblins
  7 jackals
  6 quokkas
  4 ball pythons
  2 frilled lizards
  4 kobolds
  5 rats
114 creatures vanquished.

Notes
Turn   | Place    | Note
-------+----------+-------------------------------------------
     0 | D:1      | Redcow54321 the Troll Fighter began the quest for the Orb.
     0 | D:1      | Reached XP level 1. HP: 22/22 MP: 0/0
    52 | D:1      | Found Pocunostra's Weapon Shop.
   169 | D:1      | Reached XP level 2. HP: 28/29 MP: 1/1
   283 | D:1      | Reached skill level 3 in Unarmed Combat
   518 | D:2      | Found a faded altar of an unknown god.
   587 | D:2      | Noticed Terence
   597 | D:2      | Killed Terence
   598 | D:2      | Reached skill level 4 in Unarmed Combat
   598 | D:2      | Reached XP level 3. HP: 13/36 MP: 2/2
  1041 | D:3      | You fall into a shaft and drop 1 floor!
  1047 | D:4      | Noticed Grinder
  1068 | D:3      | Found a blossoming altar of Fedhas.
  1068 | D:3      | Found a bloodstained altar of Trog.
  1068 | D:3      | Found a shimmering altar of Xom.
  1068 | D:3      | Found a broken altar of Ashenzari.
  1072 | D:3      | Reached XP level 4. HP: 21/44 MP: 3/3
  1141 | D:4      | Identified the +1 plate armour "Ceutt" {MP+9}
  1150 | D:4      | Killed Grinder
  1151 | D:4      | Reached skill level 6 in Unarmed Combat
  1151 | D:4      | Reached XP level 5. HP: 41/50 MP: 4/4
  1151 | D:4      | Reached XP level 6. HP: 48/59 MP: 5/5
  1277 | D:4      | Reached skill level 7 in Unarmed Combat
  1895 | D:3      | Got the Reference Book on the Escort
  2492 | D:5      | Entered Level 5 of the Dungeon
  2508 | D:5      | Reached XP level 7. HP: 66/66 MP: 6/6
  2641 | D:5      | Reached skill level 8 in Unarmed Combat
  2877 | D:5      | Reached skill level 9 in Unarmed Combat
  3209 | D:6      | Reached XP level 8. HP: 66/74 MP: 7/7
  3246 | D:6      | Reached skill level 10 in Unarmed Combat
  3325 | D:6      | Reached skill level 11 in Unarmed Combat
  3633 | D:6      | Reached XP level 9. HP: 39/80 MP: 8/8
  3752 | D:6      | Found Ytzaycre's General Store.
  3757 | D:6      | Reached skill level 12 in Unarmed Combat
  4023 | D:7      | Noticed a troll
  4032 | D:6      | Killed a troll
  4051 | D:6      | Slain by an orc

Illustrated notes

Levels and vault maps discovered:
D:1:      lightli_arrival_statuegarden, layout_basic, serial_shops,
          nicolae_shop_stone, minmay_statues_item
D:2:      layout_basic, ebering_ecumenical_altar_webs, uniq_terence
D:3:      layout_loops_corners, nicolae_overflow_hidden_temple,
          minmay_stone_trees_small, nrook_uturn
D:4:      layout_cave_pools, uniq_grinder
D:5:      layout_loops_cross, serial_park_tiny_2, hangedman_decor_push
D:6:      nicolae_cairo_tiling_very_big, layout_loops_cross, serial_shops,
          nicolae_shop_waterfront, kennysheep_generic_room_2
D:7:      layout_rooms, elyvilon_altar_5, temple_hall_moat, minmay_hedge_maze

Skill      XL: |  1  2  3  4  5  6  7  8  9 |
---------------+----------------------------+-----
Unarmed Combat | 4 6 7 9 11 12 | 12.7
Fighting       | |  2.4
Dodging        | |  2.4
Shields        | |  2.4

Action                   |  1- 3 |  4- 6 |  7- 9 || total
-------------------------+-------+-------+-------++-------
Melee: Unarmed           |    97 |    91 |   140 ||   328
       Punch             |     3 |     3 |     9 ||    15
  Use: Potion            |       |       |     1 ||     1
 Stab: Sleeping          |       |     1 |       ||     1
Armor: Robe              |    37 |    18 |    21 ||    76
       Troll leather arm |       |       |     2 ||     2
Dodge: Dodged            |    53 |    50 |    75 ||   178
Block: Kite shield       |     1 |       |       ||     1

Table legend: (Time is in decaauts)
 A = Elapsed time spent in this place.
 B = Non-inter-level travel time spent in this place.
 C = Inter-level travel time spent in this place.
 D = Time resting spent in this place.
 E = Time spent auto-exploring this place.
 F = Levels seen in this place.
 G = Mean time per level.
                   A        B        C        D        E       F      G
               +--------+--------+--------+--------+--------+-----+--------+
         Total |   4010 |   3787 |    223 |     47 |   3058 |   7 |  572.9 |
       Dungeon |   4010 |   3787 |    223 |     47 |   3058 |   7 |  572.9 |
               +--------+--------+--------+--------+--------+-----+--------+

Top non-repeatable levels by time:
     D:3: 949 daAuts
     D:6: 866 daAuts
     D:5: 658 daAuts
     D:2: 529 daAuts
     D:1: 505 daAuts
     D:4: 492 daAuts
     D:7: 8 daAuts
